 Dungeon Crawl Stone Soup version 0.31-a0-455-g1a7b003ef0 (webtiles) character file.

Game seed: 7579637148326935445

44 senseless the Ruffian (level 3, 0/36 HPs)
             Began as an Octopode Shapeshifter on Aug 3, 2023.
             Succumbed to an adder's poison
             ... on level 2 of the Dungeon.
             The game lasted 00:02:45 (1185 turns).

senseless the Ruffian (Octopode Shapeshifter)       Turns: 1185, Time: 00:02:45

Health: 0/36       AC: 21    Str: 16    XL:     3   Next: 62%
Magic:  3/3        EV:  2    Int: 10    God:
Gold:   65         SH:  0    Dex: 12    Spells: 2/2 levels left

rFire   . .          .
                       - Unarmed
rCold   . . .        (no shield)
rNeg    . . .        (helmet currently unavailable)
rPois   +            (no amulet)
rElec   .            (no ring)
rCorr   .            (no ring)
SInv    .            (no ring)
Will    .....        (no ring)
Stlth   ++           (no ring)
HPRegen 0.26/turn    (no ring)
MPRegen 0.08/turn    (no ring)
                     (no ring)

%: no passive effects
@: lethally poisoned (0 -> -9), tree-form, hasted, very quick
A: stationary, stasis, torment immunity, boosted hp, almost no armour,
(amphibious), 8 rings, (camouflage 1), (gelatinous body 1), (nimble swimmer 1),
(tentacles)
a: no special abilities


You were on level 2 of the Dungeon.
You were a tree.
You visited 1 branch of the dungeon, and saw 2 of its levels.

You collected 65 gold pieces.

Inventory:

Armour
 j - a +0 hat
Talismans
 b - a beast talisman
Scrolls
 c - a scroll of enchant armour {unknown}
 d - a scroll of torment {unknown}
 e - a scroll of fear {unknown}
 g - a scroll of identify {unknown}
 h - 2 scrolls of fog {unknown}
 i - a scroll of enchant weapon {unknown}


   Skills:
 + Level 1.8 Fighting
 + Level 2.5 Dodging
 + Level 2.1 Stealth
 + Level 3.4 Unarmed Combat
 - Level 3.0 Shapeshifting


You had 2 spell levels left.
You didn't know any spells.
Your spell library contained the following spells:

 Spells                   Type           Power      Damage    Failure   Level
 Vhi's Electric Charge    Tloc/Air       0%         N/A       75%         3
 Arcjolt                  Conj/Air       0%         1d10      100%        5
 Plasma Beam              Fire/Air       0%         2x1d10    100%        6


Dungeon Overview and Level Annotations

Branches:
Dungeon (2/15)

Altars:


Innate Abilities, Weirdness & Mutations

You are a tree.
Your roots penetrate the ground, keeping you stationary.
You cannot be teleported.
You are immune to unholy pain and torment.
Your maximum health is greatly increased.
You cannot wear most types of armour.
((You are amphibious.))
You can wear up to eight rings at the same time.
((Your skin changes colour to match your surroundings (Stealth+).))
((Your rubbery body absorbs attacks. (AC +1, EV +1)))
((You are camouflaged when in or above water. (Stealth+)))
((You have tentacles for arms and can constrict up to eight enemies at once.))


Message History

The adder closely misses you. The adder bites you.
You are more poisoned.
The adder poisons you!
You tentacle-slap the adder.
The adder is heavily wounded.
You constrict the adder.
You feel sick. The adder misses you.
You tentacle-slap the adder but do no damage.
You tentacle-slap the adder.
The adder is almost dead.
You constrict the adder.
You kill the adder!
You feel sick.
Your Stealth skill increases to level 2!
You tentacle-slap the adder. Your grab misses the adder.
The adder is heavily wounded.
You feel sick. The adder closely misses you.
You miss the adder. Your grab misses the adder. Your squeeze misses the adder.
The adder is heavily wounded.
You feel sick. The adder bites you.
You are more poisoned.
The adder poisons you! The adder bites you.
You are too injured to fight recklessly!
You tentacle-slap the adder. Your grab misses the adder.
The adder is severely wounded.
You feel sick. The adder bites you.
* * * LOW HITPOINT WARNING * * *
You are more poisoned.
The adder poisons you!
It was a potion of haste.
You feel yourself speed up.
* * * LOW HITPOINT WARNING * * *
You feel very sick. The adder barely misses you.
Really quaff the potion of lignification?
Your transformation has ended.
You turn into a tree.
Your roots penetrate the ground.
* * * LOW HITPOINT WARNING * * *
You feel sick. The adder bites you but does no damage.
You hit the adder.
You kill the adder!
You die...

##.#.##..........#.....
................#.....
#.#.#.#.........#.....
#.#.#...###.#####.....
## #.......#$#........#
....###.#.###.###......#
#........#... #......#
######.###.# ###.#†##
#..♣).# #.#.# #.###.#
###.#†# #.. ... #...#.#
##. ##.###...#.# ... ..
$#.....#.# # .. .#
#.....#.# # #.### .#
......#.#### ...#
#........# #..#
#.###.##.#


There were no monsters in sight!

Vanquished Creatures
  2 adders (D:2)
  A gnoll (D:1)
  A dart slug (D:1)
  3 endoplasms (D:1)
  2 goblins (D:2)
  3 hobgoblins
  2 kobolds (D:1)
  3 ball pythons
  2 bats (D:2)
  3 frilled lizards (D:1)
  4 rats
26 creatures vanquished.

Notes
Turn   | Place    | Note
-------+----------+-------------------------------------------
     0 | D:1      | senseless the Octopode Shapeshifter began the quest for the
                  | Orb.
     0 | D:1      | Reached XP level 1. HP: 13/13 MP: 1/1
    58 | D:1      | Reached skill level 1 in Stealth
    58 | D:1      | Reached XP level 2. HP: 10/18 MP: 2/2
   219 | D:1      | Reached XP level 3. HP: 22/23 MP: 3/3
  1184 | D:2      | HP: 1/36 [poisoned by an adder]
  1185 | D:2      | Succumbed to an adder's poison

Illustrated notes

Levels and vault maps discovered:
D:1:      amcnicky_arrival_gap_in_the_tavern_cellar, layout_basic
D:2:      layout_basic, minmay_quantized

Skill      XL: |  1  2  3 |
---------------+----------+-----
Stealth        | 1 2 |  2.1
Fighting       | |  1.8
Dodging        | |  2.5
Unarmed Combat | |  3.4
Shapeshifting  | |  3.0

Action                     || total
---------------------------++-------
  Melee: Unarmed           ||    50
         Tentacles         ||     7
         Constrict         ||    13
         Punch             ||     2
    Use: Potion            ||     2
   Stab: Sleeping          ||     3
 Armour: Skin              ||     4
  Dodge: Dodged            ||    28

Table legend: (Time is in decaauts)
 A = Elapsed time spent in this place.
 B = Non-inter-level travel time spent in this place.
 C = Inter-level travel time spent in this place.
 D = Time resting spent in this place.
 E = Time spent auto-exploring this place.
 F = Levels seen in this place.
 G = Mean time per level.
                   A        B        C        D        E       F      G
               +--------+--------+--------+--------+--------+-----+--------+
         Total |   1181 |   1114 |     67 |      0 |    971 |   2 |  590.5 |
       Dungeon |   1181 |   1114 |     67 |      0 |    971 |   2 |  590.5 |
               +--------+--------+--------+--------+--------+-----+--------+

Top non-repeatable levels by time:
     D:1: 912 daAuts
     D:2: 268 daAuts
